AoeStats
← JustClus

Arena

510336395Analyzed
1v1 RM · 1d ago on Sep 30, 2026· 56m 46s· 2 players
Game mode
Random Map
Map size
Tiny (2 player)
Population
200
Speed
Normal
Resources
Standard
Victory
Conquest
Starting age
Dark Age
Ending age
Imperial Age
RankedLock teamsTeams togetherTeam positionsShared explorationLock speedFull tech treeHidden civsTurbo modeCheats
Victory
Defeat
🇻🇪 Portuguese · Venezuela
1063
+16
🇹🇷 Spanish · Türkiye
1066
-16
Horubea
9:25 Feudal Age
11:41 Loom
14:20 Castle Age
12:28 Double-Bit Axe
12:55 Horse Collar
14:42 Gold Mining
17:04 Bow Saw
20:55 Fletching
24:50 Bodkin Arrow
28:38 Wheelbarrow
31:40 Imperial Age
30:00 Hand Cart
29:32 Town Watch
29:55 Heavy Plow
29:47 Stone Mining
32:25 Forging
31:40 Light Cavalry
32:31 Bloodlines
32:23 Husbandry
32:46 Conscription
34:13 Bracer
34:34 Scale Barding Armor
35:52 Iron Casting
36:25 Chain Barding Armor
37:58 Chemistry
37:23 Ballistics
37:14 Masonry
38:06 Crop Rotation
38:37 Two-Man Saw
37:19 Pikeman
39:51 Blast Furnace
39:45 Plate Barding Armor
39:32 Guard Tower
40:03 Bombard Tower
40:42 Stone Shaft Mining
40:22 Padded Archer Armor
40:23 Scale Mail Armor
39:46 Halberdier
41:25 Architecture
40:58 Gambesons
40:59 Arson
42:39 Elite Skirmisher
43:26 Thumb Ring
43:45 Leather Archer Armor
43:17 Treadmill Crane
47:04 Ring Archer Armor
50:21 Chain Mail Armor
50:49 Arquebus
50:59 Siege Engineers
51:31 Keep
52:04 Plate Mail Armor
JustClus
12:04 Feudal Age
12:15 Loom
14:25 Wheelbarrow
15:51 Castle Age
13:47 Horse Collar
15:10 Double-Bit Axe
31:50 Imperial Age
29:16 Gold Mining
29:55 Bow Saw
29:50 Heavy Plow
31:37 Padded Archer Armor
35:16 Elite Conquistador
39:17 Leather Archer Armor
42:07 Ring Archer Armor
47:40 Husbandry
47:00 Cavalier
47:53 Bloodlines
47:08 Light Cavalry
51:57 Forging
53:41 Chemistry
53:01 Ballistics
Connection lost

Rejoining the realm…

Still unreachable

The connection could not be restored.

Session expired

The server has moved on; the page needs a fresh start.